 Dungeon Crawl Stone Soup version 0.21.1-1-g345015f (webtiles) character file.

58 Lilu the Conjurer (level 3, -2/19 HPs)
             Began as a Deep Elf Conjurer on July 28, 2018.
             Killed by nerve-wracking pain
             ... invoked by a shadow imp
              (6 damage)
             ... on level 2 of the Dungeon.
             The game lasted 00:03:08 (1036 turns).

Lilu the Conjurer (Deep Elf Conjurer)               Turns: 1036, Time: 00:03:09

Health: -2/19      AC:  2    Str:  6    XL:     3   Next: 75%
Magic:  0/9        EV: 15    Int: 19    God:
Gold:   64         SH:  0    Dex: 15    Spells: 5/8 levels left

rFire    . . .     SeeInvis .   l - +0 long sword (curse)
rCold    . . .     Gourm    .   (no shield)
rNeg     . . .     Faith    .   a - +0 robe
rPois    .         Spirit   +   (no helmet)
rElec    .         Reflect  .   (no cloak)
rCorr    .         Harm     .   (no gloves)
MR       .....                  (no boots)
Stlth    ++........             i - amulet of guardian spirit
HPRegen  0.06/turn              k - +2 ring of evasion
MPRegen  0.11/turn              (no ring)

@: lethally poisoned (-2 -> -10)
A: no striking features
a: no special abilities


You were on level 2 of the Dungeon.
You were not hungry.

You visited 1 branch of the dungeon, and saw 2 of its levels.

You collected 64 gold pieces.

Inventory:

Hand Weapons
 l - a cursed +0 long sword (weapon)
Armour
 a - a +0 robe (worn)
Jewellery
 i - an amulet of guardian spirit (around neck)
 k - a +2 ring of evasion (left hand)
Scrolls
 e - 2 scrolls of identify {unknown}
 j - a scroll of fog {unknown}
Potions
 d - 3 potions of curing {unknown}
 f - 3 potions of invisibility {unknown}
 h - a potion of degeneration {unknown}
Books
 b - a book of Conjurations

   Spells                             Type                      Level
   a - Magic Dart                     Conjuration                  1
   b - Searing Ray                    Conjuration                  2
   c - Dazzling Spray                 Conjuration/Hexes            3
   d - Fulminant Prism                Conjuration/Hexes            4
   e - Force Lance                    Conjuration/Translocation    4
   f - Iskenderun's Mystic Blast      Conjuration                  4
Comestibles
 c - 3 rations
 g - 3 chunks of flesh


   Skills:
 - Level 2.4 Dodging
 - Level 2.4 Stealth
 - Level 3.0 Spellcasting
 + Level 6.0 Conjurations


You had 5 spell levels left.
You knew the following spells:

 Your Spells              Type           Power        Failure   Level  Hunger
a - Magic Dart            Conj           ####         1%          1    None
b - Searing Ray           Conj           ####..       1%          2    ##.....


Dungeon Overview and Level Annotations

Branches:
Dungeon (2/15)

Altars:


Message History

Casting: Magic Dart
Confirm with . or Enter, or press ? or * to list all spells.
Aiming: Magic Dart
Press: ? - help, Shift-Dir - straight line, f/p - shadow imp
Aim: a shadow imp (severely wounded)
The magic dart hits the shadow imp.
The shadow imp is almost dead.
The frilled lizard hisses angrily.
You hear an angry hiss.
The shadow imp gestures at you. Pain shoots through your body!
* * * LOW HITPOINT WARNING * * *
Casting: Magic Dart
Confirm with . or Enter, or press ? or * to list all spells.
You don't have enough magic to cast that spell.
Unknown command.
* * * LOW HITPOINT WARNING * * *
You feel sick. The shadow imp gestures at you. Pain shoots through your body!
You die...

........................+....>...
##.##.....#########.....#.....##.
#.##.....# #.......#####.....##.
#.##.#######.####### #.....###
##..#..........# #(.......
..#.#..........# #########
..#.#..........#
..#.#..........######### #
..#.#.#######..%@......[ #
..#.#.# ....5......##### #
....... .....l......... # ..#...
#...........#### # ..##.
....l######## # ..... # ..... #
.. ####### #......


You could see a shadow imp and 2 frilled lizards.

Vanquished Creatures
  A hound skeleton (D:2)
  2 adders (D:2)
  A dart slug (D:1)
  2 leopard geckos (D:1)
  2 goblins (D:1)
  2 hobgoblins (D:1)
  4 jackals
  A quokka (D:1)
  2 bats (D:1)
  2 frilled lizards (D:1)
  4 kobolds
  3 rats (D:1)
26 creatures vanquished.

Notes
Turn   | Place    | Note
-------+----------+-------------------------------------------
     0 | D:1      | Lilu the Deep Elf Conjurer began the quest for the Orb.
     0 | D:1      | Reached XP level 1. HP: 10/10 MP: 6/6
   248 | D:1      | Reached XP level 2. HP: 15/15 MP: 6/8
   250 | D:1      | Reached skill level 5 in Conjurations
   638 | D:1      | Learned a level 2 spell: Searing Ray
   696 | D:2      | Reached XP level 3. HP: 16/19 MP: 5/9
  1031 | D:2      | Reached skill level 6 in Conjurations
  1036 | D:2      | Killed from afar by a shadow imp

Skill      XL: |  1  2  3 |
---------------+----------+-----
Conjurations   | 5 6 |  6.0
Dodging        | |  2.4
Stealth        | |  2.4
Spellcasting   | |  3.0

Action                   || total
-------------------------++-------
Melee: Long sword        ||     2
 Cast: Magic Dart        ||    44
       Searing Ray       ||     2
Dodge: Dodged            ||    14
       Rpst.: Long sword ||     3
